[Event "Portugal-ch Seniors-50 2022"]
[Site "Atouguia da Baleia"]
[Date "2022.06.18"]
[Round "4.1"]
[White "Gori, Andrea"]
[Black "Mendes, Jorge Alberto Dacal"]
[Result "1-0"]
[ECO "C41"]
[WhiteElo "1970"]
[BlackElo "1783"]
[Annotator "NA RC"]
[PlyCount "67"]
[EventDate "2022.06.09"]
[EventType "swiss"]
[EventCountry "POR"]
[SourceTitle "playchess.com"]
[Source "ChessBase"]
[SourceQuality "1"]
[TimeControl "5400+30"]

1. e4 e5 2. Nf3 d6 3. d4 exd4 4. Nxd4 Nf6 5. Nc3 Be7 6. Bd3 a6 7. a4 c5 8. Nf3 Nc6 9. O-O O-O 10. h3 h6 11. Bf4 Be6 12. Re1 Nd7 13. Nd5 Nde5 14. Be2 Nxf3+ 15. Bxf3 Ne5 16. Ra3 Rb8 17. Be2 b5 18. axb5 axb5 19. Ra7 Bxd5 20. Qxd5 Ra8 21. Rea1 Rxa7 22. Rxa7 Ng6 23. Bg3 b4 24. Bc4 Kh7 25. Qf5 Qc8 26. Rd7 Kg8 27. Ra7 Qb8 28. Rd7 Qc8 29. Ra7 Qb8 30. Ra5 Ne5 31. Bd5 g6 32. Bxf7+ Rxf7 33. Qe6 Qc8 34. Qxc8+ 1-0

[Event "Portugal-ch Seniors-50 2022"]
[Site "Atouguia da Baleia"]
[Date "2022.06.18"]
[Round "4.3"]
[White "Alves, Fernando Pereira Rib"]
[Black "Julio, Joao Manuel dos Sant"]
[Result "0-1"]
[ECO "C50"]
[WhiteElo "1524"]
[BlackElo "2005"]
[Annotator "NA RC"]
[PlyCount "62"]
[EventDate "2022.06.09"]
[EventType "swiss"]
[EventCountry "POR"]
[SourceTitle "playchess.com"]
[Source "ChessBase"]
[SourceQuality "1"]
[TimeControl "5400+30"]

1. e4 e5 2. Nf3 Nc6 3. Bc4 Be7 4. Nc3 d6 5. d4 Nf6 6. dxe5 dxe5 7. Qxd8+ Bxd8 8. Be3 h6 9. Bb5 Bd7 10. h3 O-O 11. O-O-O Re8 12. Rd2 a6 13. Be2 Be7 14. Ne1 Bb4 15. f3 Bxc3 16. bxc3 Be6 17. Kb2 Na5 18. g4 Red8 19. g5 Rxd2 20. Bxd2 hxg5 21. Bxg5 Ne8 22. h4 f6 23. Bc1 Rd8 24. h5 Kh7 25. Nd3 Nc4+ 26. Kb1 Ned6 27. Rg1 Bf7 28. f4 Nxe4 29. Bg4 Nxc3+ 30. Ka1 e4 31. Bf5+ Kh8 0-1

[Event "Portugal-ch Seniors-50 2022"]
[Site "Atouguia da Baleia"]
[Date "2022.06.18"]
[Round "4.4"]
[White "Viana, Eduardo Rosa"]
[Black "Mendes, Rui Oscar"]
[Result "0-1"]
[ECO "B13"]
[WhiteElo "1523"]
[BlackElo "1749"]
[Annotator "NA RC"]
[PlyCount "62"]
[EventDate "2022.06.09"]
[EventType "swiss"]
[EventCountry "POR"]
[SourceTitle "playchess.com"]
[Source "ChessBase"]
[SourceQuality "1"]
[TimeControl "5400+30"]

1. e4 c6 2. d4 d5 3. exd5 cxd5 4. Bd3 Nc6 5. c3 Nf6 6. h3 h6 7. Qe2 e6 8. f4 Bd6 9. Nf3 Qc7 10. Ne5 Nxd4 11. Qf2 Nc6 12. Nxc6 Qxc6 13. O-O Bc5 14. Be3 Bxe3 15. Qxe3 O-O 16. Nd2 Bd7 17. Nf3 Rfc8 18. Nd4 Qd6 19. Rae1 a6 20. Rf3 Re8 21. Rg3 Rac8 22. Kh1 b5 23. Nf3 Qc5 24. Qe5 Qe7 25. Nh2 Rc6 26. Ng4 Nxg4 27. Rxg4 f6 28. Qh5 e5 29. Rg3 e4 30. Bc2 f5 31. Qxh6 Rxh6 0-1

[Event "Portugal-ch Seniors-50 2022"]
[Site "Atouguia da Baleia"]
[Date "2022.06.18"]
[Round "4.5"]
[White "Catarro, Jose Joao Dias"]
[Black "Seia, Joao Manuel"]
[Result "1-0"]
[ECO "D00"]
[WhiteElo "1833"]
[BlackElo "1657"]
[Annotator "NA RC"]
[PlyCount "107"]
[EventDate "2022.06.09"]
[EventType "swiss"]
[EventCountry "POR"]
[SourceTitle "playchess.com"]
[Source "ChessBase"]
[SourceQuality "1"]
[TimeControl "5400+30"]

1. d4 d5 2. Bf4 e6 3. e3 Nf6 4. Bd3 c5 5. c3 cxd4 6. exd4 Be7 7. Nf3 O-O 8. O-O Re8 9. Nbd2 b6 10. Ne5 Bb7 11. Qf3 Nbd7 12. Qh3 Nf8 13. Bb5 N6d7 14. Rae1 a6 15. Nc6 Bxc6 16. Bxc6 Rc8 17. Bb7 Ng6 18. Bg3 Bg5 19. Nf3 Rc4 20. Bxa6 Ra4 21. Bb5 Rxa2 22. Bxd7 Qxd7 23. Nxg5 h6 24. Nf3 Rxb2 25. Ne5 Qb5 26. Nxg6 fxg6 27. Qg4 Kh7 28. h4 h5 29. Qf3 Qd7 30. Rb1 Qb5 31. Rxb2 Qxb2 32. Re1 Rc8 33. Re3 b5 34. Bd6 Ra8 35. Qf7 Qa1+ 36. Kh2 Ra7 37. Qxe6 Qf1 38. Kg3 Ra6 39. Qxd5 Qd1 40. Rf3 Ra7 41. Qxb5 Kh6 42. Qd3 Qa4 43. c4 Qd7 44. Qd2+ Kh7 45. Qf4 Ra6 46. c5 Ra7 47. Re3 Qc8 48. f3 Qd8 49. d5 Qa5 50. Qe4 Qd2 51. Qd3 Qb2 52. Re6 Ra8 53. Be5 Qc1 54. Qxg6+ 1-0

[Event "Portugal-ch Seniors-50 2022"]
[Site "Atouguia da Baleia"]
[Date "2022.06.18"]
[Round "4.6"]
[White "Da Silva, Reinaldo S.B."]
[Black "Fernandes, Alberto"]
[Result "1-0"]
[ECO "A05"]
[WhiteElo "2340"]
[BlackElo "2094"]
[Annotator "TA"]
[PlyCount "61"]
[EventDate "2022.06.09"]
[EventType "swiss"]
[EventCountry "POR"]
[SourceTitle "playchess.com"]
[Source "ChessBase"]
[SourceQuality "1"]
[TimeControl "5400+30"]

1. Nf3 Nf6 2. e3 e6 3. b3 Be7 4. d4 b6 5. Bd3 Bb7 6. Nbd2 d5 7. Bb2 O-O 8. O-O c5 9. Qe2 Ne4 {D05: Colle System with ...e6.} 10. Rfd1 Nd7 11. Ne5 {[#]} Ndf6 $146 (11... Nxe5 $11 12. dxe5 Nxd2) ({Predecessor:} 11... Nxd2 12. Rxd2 Nxe5 13. dxe5 Qc7 14. c4 f6 15. cxd5 exd5 16. Qh5 f5 17. Bxf5 Rxf5 18. Qxf5 Bc8 19. e6 Bf8 20. Qxd5 Bb7 21. Qd7 Qxd7 22. Rxd7 Bc6 23. Rc7 {1-0 (23) Mamedjarova,Z (2278)-Borisova,E (2344) Moscow 2019}) 12. Bxe4 $14 dxe4 13. dxc5 {[#] Threatens to win with c6.} Qc7 {Prevents c6.} 14. cxb6 {White is more active.} (14. c6 $5 Bxc6 15. Qc4 $16 (15. Nxc6 Qxc6 16. Nc4 Rfd8 $11)) 14... axb6 15. Ng4 (15. a4 $14) 15... Qxc2 (15... Nd7 $11) 16. Bxf6 $2 (16. Nxf6+ $16 Bxf6 17. Bxf6 gxf6 18. Qg4+ Kh8 19. Nc4) 16... Bxf6 $2 ({Black should play} 16... gxf6 $11 17. Rac1 Qxa2) 17. Nxf6+ $16 gxf6 18. Rac1 Qxa2 19. Qg4+ Kh8 20. Qh4 Rg8 $2 (20... Rad8 $16) 21. Qxf6+ $18 Rg7 22. Ra1 (22. Nc4 $142 {White wants to mate with Ne5.} Qe2 23. Rd8+ Rxd8 24. Qxd8+ Rg8 25. Qf6+ Rg7 26. Ne5) 22... Qc2 23. Rac1 (23. Nc4 $142 Rxa1 24. Rxa1) 23... Qa2 $1 24. Nc4 {[%cal Bd2c4,Bc4e5,Be5d7,Bd7b6][%mdl 32] [#] Against Qa5. Threatening mate with Ne5.} Bd5 25. Ne5 {Rc7 would kill now.} Kg8 26. Rc7 {[%cal Re5f7] Against Qa7} Rf8 27. Rdc1 {[%cal Oc7f7] White threatens Rxf7! and mate.} Qa8 28. Nd7 Re8 29. Nxb6 Qb8 30. R7c5 $2 Qd8 (30... Qxb6 $2 31. Rc8 (31. Rxd5 Rg6 $16) 31... Qb8 32. Rxb8 Rxb8 33. b4 $18) (30... Rg6 31. Nxd5 exd5) 31. Rc7 $4 {[%mdl 40960] Weighted Error Value: White=1.27/Black=0.73. Loss on time!?} 1-0

[Event "Portugal-ch Seniors-50 2022"]
[Site "Atouguia da Baleia"]
[Date "2022.06.18"]
[Round "4.7"]
[White "Arantes, Carlos Eduardo Gonca"]
[Black "Galvao, Henrique"]
[Result "0-1"]
[ECO "A20"]
[WhiteElo "1722"]
[BlackElo "2118"]
[Annotator "NA RC"]
[PlyCount "50"]
[EventDate "2022.06.09"]
[EventType "swiss"]
[EventCountry "POR"]
[SourceTitle "playchess.com"]
[Source "ChessBase"]
[SourceQuality "1"]
[TimeControl "5400+30"]

1. c4 e5 2. g3 Nf6 3. Bg2 c6 4. Nc3 Bb4 5. a3 Bxc3 6. bxc3 d5 7. cxd5 cxd5 8. d3 h6 9. Nf3 Nc6 10. O-O O-O 11. d4 e4 12. Ne5 Re8 13. c4 dxc4 14. Nxc6 bxc6 15. e3 Bg4 16. f3 exf3 17. Bxf3 Bxf3 18. Rxf3 Qd5 19. Bd2 Ne4 20. Bb4 Ng5 21. Kf2 Rab8 22. h4 Ne4+ 23. Kg1 a5 24. Be1 Rb2 25. Rf4 Nxg3 0-1

[Event "Portugal-ch Seniors-50 2022"]
[Site "Atouguia da Baleia"]
[Date "2022.06.18"]
[Round "4.8"]
[White "Godinho Marques, Pedro"]
[Black "Cavadas, Jose"]
[Result "1-0"]
[ECO "D00"]
[WhiteElo "1838"]
[BlackElo "1382"]
[Annotator "NA RC"]
[PlyCount "75"]
[EventDate "2022.06.09"]
[EventType "swiss"]
[EventCountry "POR"]
[SourceTitle "playchess.com"]
[Source "ChessBase"]
[SourceQuality "1"]
[TimeControl "5400+30"]

1. d4 d5 2. Bf4 Nf6 3. e3 e6 4. Nf3 g6 5. c4 Bg7 6. Nbd2 O-O 7. h3 b6 8. Bd3 Bb7 9. Qc2 Nbd7 10. O-O Rc8 11. b4 c5 12. bxc5 bxc5 13. Rab1 Ba8 14. Qb3 cxd4 15. exd4 dxc4 16. Bxc4 Nb6 17. Ba6 Bd5 18. Qd3 Ra8 19. Qa3 Ne4 $11 20. Nxe4 Bxe4 21. Rbd1 Bxf3 22. Qxf3 Nd5 23. Bb7 Nxf4 24. Bxa8 Nxh3+ 25. gxh3 Qxa8 26. Qxa8 Rxa8 27. d5 e5 28. Rc1 h5 29. d6 Bf6 30. Rc7 Rd8 31. Rd1 Kf8 32. Rxa7 g5 33. a4 g4 34. hxg4 hxg4 35. a5 e4 36. a6 Ke8 37. Rb7 Be5 38. Re7+ 1-0

[Event "Portugal-ch Seniors-50 2022"]
[Site "Atouguia da Baleia"]
[Date "2022.06.18"]
[Round "4.9"]
[White "Tavares, Antonio Americo"]
[Black "Pinto Neto, Antonio de Padua"]
[Result "1-0"]
[ECO "D38"]
[WhiteElo "1933"]
[BlackElo "1924"]
[Annotator "NA RC"]
[PlyCount "65"]
[EventDate "2022.06.09"]
[EventType "swiss"]
[EventCountry "POR"]
[SourceTitle "playchess.com"]
[Source "ChessBase"]
[SourceQuality "1"]
[TimeControl "5400+30"]

1. d4 Nf6 2. Nf3 d5 3. c4 e6 4. Nc3 Bb4 5. Bd2 O-O 6. e3 b6 7. Bd3 Bb7 8. O-O c5 9. a3 Bxc3 10. Bxc3 dxc4 11. Bxc4 Ne4 12. Qe2 Nxc3 13. bxc3 Qe7 14. Bd3 Nd7 15. e4 a6 16. a4 Kh8 17. h3 Qd8 18. Rfd1 f6 19. Bc4 Qe7 20. Re1 Rfe8 21. Bd3 e5 22. d5 Qd6 23. c4 Reb8 24. Nh4 g6 25. Qe3 Rg8 26. Reb1 a5 27. g3 Raf8 28. Kh2 Bc8 29. Rb2 Rf7 30. Rab1 Kg7 31. Be2 Kf8 32. Bg4 h5 33. Be6 1-0

[Event "Portugal-ch Seniors-50 2022"]
[Site "Atouguia da Baleia"]
[Date "2022.06.19"]
[Round "5.6"]
[White "Godinho Marques, Pedro"]
[Black "Da Silva, Reinaldo S.B."]
[Result "0-1"]
[ECO "A45"]
[WhiteElo "1838"]
[BlackElo "2340"]
[Annotator "TA"]
[PlyCount "68"]
[EventDate "2022.06.09"]
[EventType "swiss"]
[EventCountry "POR"]
[SourceTitle "playchess.com"]
[Source "ChessBase"]
[SourceQuality "1"]
[TimeControl "5400+30"]

1. d4 Nf6 2. Bf4 g6 3. e3 Bg7 4. Nf3 c5 5. c3 cxd4 6. exd4 ({Reject} 6. Qxd4 d6 7. Qd1 O-O $15) 6... d6 {A48: 1 d4 Nf6 2 Nf3 g6: Torre, London and Colle Systems.} 7. Bd3 {[#]} Qb6 $146 ({Predecessor:} 7... O-O 8. O-O Nc6 9. Re1 Nh5 10. Bg5 h6 11. Bh4 Nf4 12. Bc2 Qb6 13. d5 Nxd5 14. Bxg6 Qxb2 15. Qxd5 Qxa1 16. Bxe7 Nxe7 17. Rxe7 {½-½ (52) Fahrner,K (2370)-Pilaj,H (2355) Austria 2013}) 8. Qc2 Bg4 {The position is equal.} 9. Nbd2 Nc6 10. h3 Bxf3 11. Nxf3 Rc8 12. Qb3 Qxb3 13. axb3 a6 14. O-O O-O 15. Rfe1 Rfe8 16. Re2 d5 17. b4 e6 18. b5 axb5 19. Bxb5 Ra8 20. Ree1 Ne4 21. Ne5 Bxe5 22. dxe5 Nc5 23. Be3 {This bishop pair is nice.} Nb3 24. Ra3 (24. Ra4 $11) 24... Rxa3 $15 25. bxa3 Ra8 26. a4 Nxe5 27. f4 (27. Rb1 $15 Na5 28. Bd4) 27... Nc6 ({Black should play} 27... Nc4 28. Rb1 Nbd2 29. Bxd2 Nxd2) 28. Rb1 {[#]} (28. g4 $142) 28... Nca5 $1 $17 29. c4 {This move loses the game for White.} (29. Bf2 $17 {might work better.}) 29... dxc4 $19 {...Rc8 is the strong threat.} 30. Kf2 $2 (30. Bb6 {was called for.}) 30... c3 (30... Rc8 $142 {aiming for ...c3.} 31. f5 exf5) 31. Bd3 {[#]} Rd8 $1 32. Ke2 Nd4+ 33. Kd1 $2 (33. Bxd4 Rxd4 34. Ke3 Rxa4 35. Bc2) 33... Nf5 34. Ke2 Ng3+ {Weighted Error Value: White=0.65/Black=0.17 (very precise)} 0-1

[Event "Portugal-ch Seniors-50 2022"]
[Site "Atouguia da Baleia"]
[Date "2022.06.19"]
[Round "5.7"]
[White "Galvao, Henrique"]
[Black "Fernandes, Alberto"]
[Result "0-1"]
[ECO "C84"]
[WhiteElo "2118"]
[BlackElo "2094"]
[Annotator "NA RC"]
[PlyCount "66"]
[EventDate "2022.06.09"]
[EventType "swiss"]
[EventCountry "POR"]
[SourceTitle "playchess.com"]
[Source "ChessBase"]
[SourceQuality "1"]
[TimeControl "5400+30"]

1. e4 e5 2. Nf3 Nc6 3. Bb5 a6 4. Ba4 Nf6 5. O-O Be7 6. d4 exd4 7. e5 Ne4 8. Nxd4 Nxd4 9. Qxd4 Nc5 10. Nc3 O-O 11. Be3 {[%emt 0:00:59] 11.Bb3 is the modern continuation.} Nxa4 12. Qxa4 d5 13. exd6 Bxd6 14. Rad1 Bd7 15. Qd4 Bc6 16. Bf4 Bxf4 17. Qxf4 Qe7 18. Rfe1 Qc5 {[%emt 0:00:19] [#]} 19. Qxc7 $146 ({Predecessor:} 19. Re5 Qb6 20. b4 Rad8 21. Re7 Rxd1+ 22. Nxd1 Qb5 23. Ne3 Qe2 24. h4 {0-1 (33) Schulman,M-Dobrich,W Pointe Claire 1969}) 19... Qb4 20. Rd3 Rac8 21. Qd6 Rfe8 22. Red1 (22. Qxb4 $2 Rxe1#) 22... Qxb2 23. Rg3 Qxc2 24. h4 Qf5 25. Rg5 $17 Qe6 26. Qg3 Qf6 27. Rd3 h6 28. Rg4 Rcd8 29. Rxd8 Rxd8 30. Ne2 Rd1+ 31. Kh2 Qa1 32. Qb8+ Kh7 33. Nd4 Bd7 0-1

[Event "Portugal-ch Seniors-50 2022"]
[Site "Atouguia da Baleia"]
[Date "2022.06.19"]
[Round "5.8"]
[White "Elias, Benjamim"]
[Black "Tavares, Antonio Americo"]
[Result "0-1"]
[ECO "A03"]
[WhiteElo "1818"]
[BlackElo "1933"]
[Annotator "TA"]
[PlyCount "92"]
[EventDate "2022.06.09"]
[EventType "swiss"]
[EventCountry "POR"]
[SourceTitle "playchess.com"]
[Source "ChessBase"]
[SourceQuality "1"]
[TimeControl "5400+30"]

1. f4 d5 2. e3 Nf6 3. Nf3 c5 4. b3 e6 5. Bb2 Bd6 6. Bb5+ Bd7 {A03: Bird's Opening with 1...d5.} 7. Qe2 a6 8. Bxd7+ Nbxd7 {The position is equal.} 9. O-O O-O 10. d3 Qc7 11. Nbd2 Rfe8 12. Rae1 b5 {[#]} 13. g3 $146 ({Predecessor:} 13. Nh4 Rac8 14. e4 dxe4 15. Nxe4 Nxe4 16. Qxe4 c4 17. dxc4 bxc4 18. Rd1 cxb3 19. cxb3 {0-1 (39) Harmsen,J (2190)-Flear,C (2225) Oisterwijk 1991}) 13... e5 14. fxe5 Nxe5 (14... Bxe5 {looks sharper.} 15. Nxe5 Nxe5 16. Rf5 Re6) 15. Bxe5 (15. Nh4 $11) 15... Bxe5 $15 16. Nxe5 Qxe5 (16... Rxe5 $17 17. Nf3 Re6) 17. Nf3 Qh5 18. Nh4 Qxe2 19. Rxe2 d4 20. e4 Ng4 21. Rf5 Rac8 22. Rd5 Ne3 23. Rd6 Re6 24. Nf5 {[#] White is on the road to losing.} (24. Rd7 $11 {and White stays safe.}) 24... Nxf5 $19 25. Rxe6 Nxg3 $1 ({Stronger than} 25... fxe6 26. exf5 exf5 27. Re6 $11) 26. Rg2 fxe6 27. Rxg3 {[%mdl 4096] Endgame KR-KR} h6 28. Kf2 (28. h4 $142) 28... Rf8+ 29. Ke2 Kh7 30. Rg1 Rf4 31. Rg2 $2 (31. a3) 31... g5 32. Rg1 Kg6 33. Rg2 h5 34. Rg1 g4 35. Rg2 (35. h3 $142) 35... Kg5 36. h3 Rf3 37. hxg4 hxg4 {[#] ...Kf4 is the strong threat.} 38. Rg1 Re3+ 39. Kd2 g3 40. Rf1 g2 41. Rg1 Rg3 42. Ke2 Kh4 {Black mates.} 43. Kf2 Kh3 44. a4 Rg8 45. axb5 axb5 46. Ra1 Kh2 {Weighted Error Value: White=0.80/Black=0.06 (flawless)} 0-1

[Event "Portugal-ch Seniors-50 2022"]
[Site "Atouguia da Baleia"]
[Date "2022.06.19"]
[Round "5.9"]
[White "Cavadas, Jose"]
[Black "Arantes, Carlos Eduardo Gonca"]
[Result "1-0"]
[ECO "D02"]
[WhiteElo "1382"]
[BlackElo "1722"]
[Annotator "NA RC"]
[PlyCount "122"]
[EventDate "2022.06.09"]
[EventType "swiss"]
[EventCountry "POR"]
[SourceTitle "playchess.com"]
[Source "ChessBase"]
[SourceQuality "1"]
[TimeControl "5400+30"]

1. d4 d5 2. Nf3 h6 3. c4 e6 4. Nc3 Nf6 5. c5 b6 6. cxb6 axb6 7. e3 Bb4 8. Bd2 O-O 9. Bd3 Nbd7 10. O-O Ba6 11. Bxa6 Rxa6 12. Qe2 Qa8 13. Nb5 Bd6 14. Nxd6 cxd6 15. a3 Qb7 16. Rac1 Rc8 17. Rxc8+ Qxc8 18. Rc1 Qb7 19. Qb5 Ra8 20. Bb4 Rc8 21. Rxc8+ Qxc8 22. Bc3 Ne4 23. Be1 Qc7 24. h3 Ndf6 25. b4 Nc3 26. Qa6 Nfe4 27. a4 Qc4 28. Qxb6 Nxa4 29. Qb8+ Kh7 30. b5 Ng5 31. Nxg5+ hxg5 32. b6 Qc1 33. b7 Qxe1+ 34. Kh2 Qxf2 35. Qxd6 Qxe3 36. Qe5 Qb3 37. b8=Q Qxb8 38. Qxb8 Nc3 39. Qb3 Ne4 40. g4 Kg6 41. Qb1 Kf6 42. Qb8 Nd2 43. Kg2 Nc4 44. Kf2 Kg6 45. Qd8 Nd2 46. Ke2 Ne4 47. Qc7 Kf6 48. Qe5+ Kg6 49. Ke3 Nf6 50. Kd3 Ne4 51. Qh2 Nf6 52. Kc3 Ne4+ 53. Kb4 Nf6 54. Kb5 Ne4 55. Kc6 Nf6 56. Kd6 Kh6 57. Ke7 Kg6 58. Qc2+ Ne4 59. Qb1 f5 60. Kxe6 fxg4 61. Kxd5 Kh6 1-0